 Dungeon Crawl Stone Soup version 0.22-a0-246-gdc04c06 (webtiles) character file.

46 b5mith the Skirmisher (level 3, -2/49 HPs)
             Began as a Minotaur Berserker on Feb 22, 2018.
             Was a Follower of Trog.
             Slain by a worm (10 damage)
             ... on level 2 of the Dungeon.
             The game lasted 00:03:07 (1225 turns).

b5mith the Skirmisher (Minotaur Berserker)          Turns: 1225, Time: 00:03:07

Health: -2/49      AC:  2    Str: 27    XL:     3   Next: 46%
Magic:  2/2        EV: 12    Int:  4    God:    Trog [*.....]
Gold:   68         SH:  0    Dex:  9    Spells: 2/2 levels left

rFire    . . .     SeeInvis .   a - +0 mace
rCold    . . .     Gourm    .   (no shield)
rNeg     . . .     Faith    .   b - +0 animal skin
rPois    .         Spirit   .   (helmet restricted)
rElec    .         Reflect  .   (no cloak)
rCorr    .         Harm     .   (no gloves)
MR       .....                  (no boots)
Stlth    ..........             (no amulet)
HPRegen  0.16/turn              (no ring)
MPRegen  0.08/turn              (no ring)

@: berserking, very quick
A: retaliatory headbutt, horns 2
a: Berserk, Renounce Religion


You were on level 2 of the Dungeon.
You worshipped Trog.
Trog was aware of your devotion.
You were hungry.

You visited 1 branch of the dungeon, and saw 2 of its levels.

You collected 68 gold pieces.

Inventory:

Hand Weapons
 a - a +0 mace (weapon)
Missiles
 d - 6 stones (quivered)
Armour
 b - a +0 animal skin (worn)
Scrolls
 e - a scroll of remove curse {@r2}
 g - a scroll of immolation {unknown}
 i - a scroll of identify {unknown}
Potions
 f - a potion of agility {unknown}
Comestibles
 c - 2 rations


   Skills:
 + Level 4.2 Fighting
 + Level 4.1 Maces & Flails
 + Level 3.2 Armour
 + Level 2.8 Dodging


You had 2 spell levels left.
You didn't know any spells.

Dungeon Overview and Level Annotations

Branches:
Dungeon (2/15)

Altars:
Trog

Annotations:
D:2 2 transporters


Innate Abilities, Weirdness & Mutations

You reflexively headbutt those who attack you in melee.
You have a pair of horns on your head.


Message History

The stone hits the worm but does no damage.
The worm is moderately wounded.
Throwing (i - inventory)
d - 8 stones (quivered)
Press: ? - help, Shift-Dir - straight line, f/p - worm
Aim: a worm (moderately wounded)
You throw a stone.
The stone hits the worm but does no damage.
The worm is moderately wounded.
Throwing (i - inventory)
d - 7 stones (quivered)
Press: ? - help, Shift-Dir - straight line, f/p - worm
Aim: a worm (moderately wounded)
You throw a stone.
The stone hits the worm but does no damage.
The worm is moderately wounded.
A red film seems to cover your vision as you go berserk!
You feel yourself moving faster!
You feel mighty!
You are feeling hungry.
You feel a strong urge to attack something.
The worm bites you!
You die...

...>......# #.#
####.####.## #.#
# #.# #..w## #(#
# #.##.###.##
#(# ....#
##w###(# ....
#...#(# .....
##.#.#(#
......###.##)#w#
.#. #.......#@#
.
###.##..#)######
. #.
#..........# )#
#..............#
##.###.#.####..#
# #.#.# .< #.#.#
..... #####


You could see a worm.

Vanquished Creatures
  An adder (D:2)
  2 worms (D:2)
  A dart slug (D:1)
  A giant cockroach (D:1)
  4 goblins
  2 hobgoblins (D:1)
  8 jackals
  3 bats
  2 frilled lizards
  3 kobolds
27 creatures vanquished.

Notes
Turn   | Place    | Note
-------+----------+-------------------------------------------
     0 | D:1      | b5mith the Minotaur Berserker began the quest for the Orb.
     0 | D:1      | Reached XP level 1. HP: 19/19 MP: 0/0
   201 | D:1      | Reached XP level 2. HP: 24/27 MP: 1/1
   712 | D:2      | Reached XP level 3. HP: 14/33 MP: 2/2
   935 | D:2      | Noticed a bullfrog
   936 | D:2      | Found a bloodstained altar of Trog.
   936 | D:2      | Found a transporter.
   955 | D:2      | Found a transporter.
  1181 | D:2      | HP: 1/33 [worm (10)]
  1225 | D:2      | Slain by a worm

Vault maps used:
D:1:      dpeg_arrival_lava_altar
D:2:      gammafunk_temple_overflow_arena, first_ration, grunt_ministairs_8

Skill      XL: |  1  2 |
---------------+-------+-----
Fighting       | 4 |  4.2
Maces & Flails | 4 |  4.1
Armour         | 3 |  3.2
Dodging        | |  2.8

Action                   || total
-------------------------++-------
Melee: Mace              ||    69
       Headbutt          ||     9
Throw: Stone             ||    19
Invok: Berserk           ||     1
  Use: Scroll            ||     1
 Stab: Sleeping          ||     1
  Eat: Chunk             ||     1
Armor: Animal skin       ||    10
Dodge: Dodged            ||    45

Table legend:
 A = Spawn XP
 B = Non-spawn XP
 C = Spawn XP percentage of total XP
 D = Spawn monster count
 E = Non-spawn monster count
 F = Spawn count percentage of total count
 G = Total turns spent on level
                    A         B        C        D         E        F      G
               +---------+---------+-------+---------+---------+-------+---------
         Total |       0 |      67 |   0.0 |       0 |      27 |   0.0 |  1225
               +---------+---------+-------+---------+---------+-------+---------
           D:1 |       0 |      24 |   0.0 |       0 |      13 |   0.0 |   665
           D:2 |       0 |      43 |   0.0 |       0 |      14 |   0.0 |   560
               +---------+---------+-------+---------+---------+-------+---------
